 Dungeon Crawl Stone Soup version 0.22.1-1-ga44c0e5 (webtiles) character file.

1668 Heatsaber the Magician (level 9, -5/39 HPs)
             Began as a Vine Stalker Fire Elementalist on Sept 22, 2018.
             Engulfed by a cloud of flame (13 damage)
             ... on level 5 of the Dungeon.
             The game lasted 00:55:00 (6785 turns).

Heatsaber the Magician (VSFE)                       Turns: 6785, Time: 00:55:01

Health: -5/39      AC:  6    Str: 12    XL:     9   Next: 1%
Magic:  0/19       EV: 17    Int: 18    God:
Gold:   255        SH:  0    Dex: 14    Spells: 2/20 levels left

rFire    . . .     SeeInvis .   i - +3 dagger
rCold    . . .     Gourm    .   (no shield)
rNeg     . . .     Faith    .   a - +0 robe
rPois    .         Spirit   +   w - +0 helmet
rElec    .         Reflect  .   q - +2 cloak {MR+}
rCorr    .         Harm     .   (no gloves)
MR       ++...                  (no boots)
Stlth    ++........             (no amulet)
HPRegen  0.53/turn              k - +4 ring of slaying
MPRegen  0.16/turn              x - +5 ring of evasion

@: no status effects
A: fangs 3, regeneration 1, magic shield, antimagic bite, no potion heal 3, rot
immunity
a: no special abilities


You were on level 5 of the Dungeon.
You were hungry.

You visited 1 branch of the dungeon, and saw 5 of its levels.

You collected 255 gold pieces.

Inventory:

Hand Weapons
 i - a +3 dagger (weapon)
Missiles
 e - 61 poisoned needles
Armour
 a - a +0 robe (worn)
 q - a +2 cloak of magic resistance (worn)
 w - a +0 helmet (worn)
Jewellery
 j - an uncursed ring of positive energy
 k - a +4 ring of slaying (left hand)
 x - a +5 ring of evasion (right hand)
Wands
 b - a wand of digging (3)
Scrolls
 d - 3 scrolls of teleportation
 g - 2 scrolls of fog
 h - 4 scrolls of remove curse
 l - 2 scrolls of blinking
 p - a scroll of enchant armour {unknown}
 u - 2 scrolls of enchant weapon {unknown}
 v - a scroll of random uselessness {unknown}
 y - a scroll of magic mapping {unknown}
Potions
 f - 2 potions of flight
 m - 2 potions of ambrosia
 o - a potion of agility {unknown}
 r - 3 potions of lignification {unknown}
 s - 2 potions of curing {unknown}
 t - 2 potions of mutation {unknown}
Comestibles
 c - 10 rations
 n - 6 chunks of flesh


   Skills:
 + Level 3.9 Armour
 - Level 1.5 Dodging
 - Level 2.4 Stealth
 + Level 6.3 Spellcasting
 + Level 6.0 Conjurations
 + Level 2.5 Charms
 - Level 5.1 Fire Magic


You had 2 spell levels left.
You knew the following spells:

 Your Spells              Type           Power        Failure   Level  Hunger
a - Flame Tongue          Conj/Fire      ####.        1%          1    None
b - Throw Flame           Conj/Fire      ####..       1%          2    None
c - Conjure Flame         Conj/Fire      ####....     3%          3    ##.....
d - Inner Flame           Hex/Fire       ##......     12%         3    ##.....
e - Iskenderun's Battles  Conj/Chrm      ###.....     50%         5    #####..
f - Sticky Flame          Conj/Fire      ####....     12%         4    ####...

Your spell library contained the following spells:

 Spells                   Type           Power        Failure   Level  Hunger
 Fireball                 Conj/Fire      ####......   32%         5    #####..
 Bolt of Magma            Conj/Fire/Erth ###.......   56%         5    #####..
 Venom Bolt               Conj/Pois      ###.......   67%         5    #####..
 Iron Shot                Conj/Erth      ###.......   99%         6    #######
 Orb of Destruction       Conj           ####......   100%        7    #######
 Spellforged Servitor     Conj/Summ      ###.......   100%        7    #######


Dungeon Overview and Level Annotations

Branches:
Dungeon (5/15)
 Temple: D:4-7

Altars:
Qazlal
Ru
Yredelemnul
Zin

Shops:
D:4 [


Innate Abilities, Weirdness & Mutations

You have razor-sharp teeth.
Your natural rate of healing is unusually fast.
When hurt, damage is shared between your health and your magic reserves.
Your bite disrupts and absorbs the magic of your enemies.
Potions cannot restore your health.
You are immune to rotting.


Message History

Confirm with . or Enter, or press ? or * to list all spells.
Aiming: Inner Flame (safe; 12% risk of failure)
Press: ? - help, Shift-Dir - straight line, f - orc
Aim: an orc, wearing a leather armour (chance to defeat MR: 82%)
The orc is filled with an inner flame.
The orc completely misses you.
You hit the orc.
The orc is heavily wounded.
The orc hits you but does no damage.
You hit the orc. Your bite misses the orc.
The orc is severely wounded.
The orc completely misses you.
You hit the orc.
The orc explodes!
The fiery explosion engulfs the orc.
You kill the orc!
The fiery explosion engulfs you!
Ouch! That really hurt!
* * * LOW HITPOINT WARNING * * *
You are engulfed in blazing flames.
You die...

####.#....)o...##.######
#......##.#.##.##.##...#
#.##.####.#.##.......#..
#.##......#.#####...÷...
#.......###........##.#.
#.#####.# #######..#..#.
#.#####§####### #..#.##.
#....##[#.....# #.......
###.##.##@#.....# #......)
#.........#.....# #.......
#.####..###.....# #.##.##.
#.####..# #.....# #.##.##.
#.##....# ###.### #.#..##)
#.##.##.# #...# #.#.###.
#..)....####.#.####.#(###.
###
####.#####...#...##..(....
..###### #.#
#.#####.......###


There were no monsters in sight!

Vanquished Creatures
  Pikel (D:4)
  Edmund (D:4)
  A sky beast (D:5)
  2 slaves (D:4)
  A centaur (D:5)
  3 ogres
  Blork the orc (D:4)
  2 scorpions (D:5)
  2 crimson imps (D:5)
  A hound (D:5)
  Crazy Yiuf (D:3)
  2 orc priests (D:5)
  A bullfrog skeleton (D:5)
  An orc wizard (D:5)
  An iguana (D:4)
  A worker ant (D:4)
  A worker ant zombie (D:5)
  2 gnolls (D:1)
  7 adders
  3 adder skeletons
  3 worms
  A dart slug (D:1)
  4 leopard geckos
  5 orcs (D:5)
  3 giant cockroaches
  5 goblins
  7 hobgoblins
  12 jackals
  5 kobolds
  2 quokkas
  A ball python (D:2)
  9 bats
  5 frilled lizards
  A leopard gecko skeleton (D:5)
  7 rats
105 creatures vanquished.

Notes
Turn   | Place    | Note
-------+----------+-------------------------------------------
     0 | D:1      | Heatsaber the Vine Stalker Fire Elementalist began the
                  | quest for the Orb.
     0 | D:1      | Reached XP level 1. HP: 9/9 MP: 4/4
    83 | D:1      | Reached XP level 2. HP: 13/13 MP: 0/6
   143 | D:1      | Learned a level 2 spell: Throw Flame
   486 | D:1      | Reached XP level 3. HP: 16/16 MP: 2/8
   491 | D:1      | Learned a level 3 spell: Conjure Flame
  1517 | D:2      | Gained mutation: Your natural rate of healing is unusually
                  | fast. [Vine Stalker growth]
  1517 | D:2      | Reached XP level 4. HP: 12/21 MP: 0/9
  1548 | D:2      | Learned a level 3 spell: Inner Flame
  1832 | D:2      | Found a basalt altar of Yredelemnul.
  2237 | D:2      | Found a sacrificial altar of Ru.
  2904 | D:3      | Reached XP level 5. HP: 24/24 MP: 6/11
  2966 | D:3      | Found a stormy altar of Qazlal.
  3188 | D:3      | Found a runed door.
  3192 | D:3      | Noticed Crazy Yiuf
  3205 | D:3      | Killed Crazy Yiuf
  3516 | D:4      | Noticed Blork the orc
  3647 | D:4      | Noticed a slave
  3912 | D:4      | Found Hifiqus's Antique Armour Shop.
  3912 | D:4      | Noticed a centaur
  4036 | D:4      | Killed Blork the orc
  4036 | D:4      | Reached XP level 6. HP: 28/28 MP: 1/13
  4252 | D:4      | Noticed Edmund
  4269 | D:4      | Killed Edmund
  4269 | D:4      | Reached skill level 1 in Armour
  4269 | D:4      | Reached XP level 7. HP: 32/32 MP: 1/14
  4640 | D:4      | Learned a level 5 spell: Iskenderun's Battlesphere
  4666 | D:4      | Reached skill level 5 in Fire Magic
  4810 | D:4      | Found a glowing silver altar of Zin.
  5139 | D:4      | Noticed Pikel
  5501 | D:4      | Killed Pikel
  5501 | D:4      | Reached skill level 5 in Spellcasting
  5501 | D:4      | Reached skill level 5 in Conjurations
  5501 | D:4      | Gained mutation: You have razor-sharp teeth. [Vine Stalker
                  | growth]
  5501 | D:4      | Reached XP level 8. HP: 17/36 MP: 0/17
  5809 | D:5      | Entered Level 5 of the Dungeon
  5868 | D:5      | Learned a level 4 spell: Sticky Flame
  6064 | D:5      | Reached skill level 1 in Charms
  6775 | D:5      | Reached XP level 9. HP: 39/39 MP: 14/19
  6785 | D:5      | Engulfed by a cloud of flame

Skill      XL: |  1  2  3  4  5  6  7  8 |
---------------+-------------------------+-----
Conjurations   | 2 3 5 6 |  6.0
Spellcasting   | 3 4 5 6 |  6.3
Fire Magic     | 4 5 |  5.1
Armour         | 1 3 |  3.9
Charms         | 2 |  2.5
Dodging        | |  1.5
Stealth        | |  2.4

Action                   |  1- 3 |  4- 6 |  7- 9 || total
-------------------------+-------+-------+-------++-------
Melee: Unarmed           |    10 |       |       ||    10
       Bite              |     5 |       |     9 ||    14
       Dagger            |       |     2 |    48 ||    50
 Cast: Flame Tongue      |    36 |    64 |   109 ||   209
       Throw Flame       |    18 |    28 |    21 ||    67
       Conjure Flame     |       |     4 |    18 ||    22
       Sticky Flame      |       |       |     4 ||     4
       Inner Flame       |       |       |     2 ||     2
  Use: Scroll            |       |     8 |       ||     8
       Potion            |       |     1 |     1 ||     2
  Eat: Chunk             |     3 |    10 |     6 ||    19
       Ration            |       |       |     1 ||     1
Armor: Robe              |     6 |    10 |    15 ||    31
Dodge: Dodged            |    18 |    26 |    35 ||    79
